AoeStats
← Sandlin83

Four Lakes

509073646Analyzed
1v1 RM · 6d ago on Sep 25, 2026· 14m 43s· 2 players
Game mode
Random Map
Map size
Tiny (2 player)
Population
200
Speed
Normal
Resources
Standard
Victory
Conquest
Starting age
Dark Age
Ending age
Imperial Age
RankedLock teamsTeams togetherTeam positionsShared explorationLock speedFull tech treeHidden civsTurbo modeCheats
Victory
Defeat
🇩🇪 Ethiopians · Germany
953
+16
🇺🇸 Poles · United States
945
-46
Sandlin83
12:22 Feudal Age
13:53 Wheelbarrow
13:04 Loom
13:04 Town Watch
13:13 Double-Bit Axe
OKRU51
5:07 Loom
10:32 Feudal Age
11:19 Double-Bit Axe
13:28 Scale Mail Armor
13:21 Horse Collar
14:46 Forging
Connection lost

Rejoining the realm…

Still unreachable

The connection could not be restored.

Session expired

The server has moved on; the page needs a fresh start.